 Dungeon Crawl Stone Soup version 0.23-a0-622-g59b4ea9 (webtiles) character file.

317 Leeroy the Slasher (level 6, 0/48 HPs)
             Began as a Barachi Skald on Dec 23, 2018.
             Slain by an ogre
             ... wielding a +0 giant club
              (16 damage)
             ... on level 3 of the Dungeon.
             The game lasted 00:10:06 (3566 turns).

Leeroy the Slasher (Barachi Skald)                  Turns: 3566, Time: 00:10:07

Health: 0/48       AC: 11    Str: 12    XL:     6   Next: 44%
Magic:  9/9        EV:  3    Int: 14    God:
Gold:   133        SH:  0    Dex: 13    Spells: 3/9 levels left

rFire    . . .     SeeInvis .   i - +2 dagger (venom)
rCold    . . .     Gourm    .   (no shield)
rNeg     . . .     Faith    .   y - +0 plate armour
rPois    .         Spirit   .   (no helmet)
rElec    .         Reflect  .   (no cloak)
rCorr    .         Harm     .   (no gloves)
MR       .....                  (no boots)
Stlth    ..........             (no amulet)
HPRegen  0.16/turn              (no ring)
MPRegen  0.11/turn              (no ring)

@: can't hop, slow
A: +LOS, swims, slowness 1, strong legs 1
a: Hop


You were on level 3 of the Dungeon.
You were not hungry.

You visited 1 branch of the dungeon, and saw 3 of its levels.

You collected 133 gold pieces.

Inventory:

Hand Weapons
 a - a +0 falchion
 i - a +2 dagger of venom (weapon)
 j - a +0 hand axe
 m - a +0 dagger
 o - a +0 dagger
 w - a +0 hand axe
 C - a +0 blowgun
 D - a +1 dagger of venom
Missiles
 f - 27 bolts
 g - 46 stones (quivered)
 q - 23 poisoned needles
 r - 59 sling bullets
 x - 4 steel tomahawks
 E - 2 tomahawks
 F - 24 arrows
Armour
 b - a +0 leather armour
 h - a +0 scale mail
 y - a +0 plate armour (worn)
Jewellery
 p - an uncursed amulet of guardian spirit {unknown}
 A - an uncursed ring of flight {unknown}
Scrolls
 c - a scroll of teleportation {unknown}
 e - a scroll of immolation {unknown}
 k - 2 scrolls of noise {unknown}
 n - a scroll of remove curse {unknown}
 t - a scroll of fear {unknown}
Potions
 l - a potion of haste {unknown}
 s - a potion of brilliance {unknown}
 u - a potion of ambrosia {unknown}
 B - a potion of invisibility {unknown}
Comestibles
 d - 6 rations
 v - 4 chunks of flesh


   Skills:
 + Level 3.7 Fighting
 * Level 5.4 Long Blades
 - Level 4.0 Armour
 - Level 2.2 Dodging
 - Level 2.3 Spellcasting
 * Level 4.2 Charms
 - Level 0.1 Translocations


You had 3 spell levels left.
You knew the following spells:

 Your Spells              Type           Power        Failure   Level  Hunger
a - Infusion              Chrm           ##..         100%        1    #......
b - Shroud of Golubria    Chrm/Tloc      #.........   100%        2    ###....
c - Spectral Weapon       Hex/Chrm       #.......     100%        3    ###....

Your spell library contained the following spells:

 Spells                   Type           Power        Failure   Level  Hunger
 Animate Skeleton         Necr           N/A          100%        1    #......
 Apportation              Tloc           #.....       100%        1    #......
 Confusing Touch          Hex            #.....       100%        1    #......
 Summon Small Mammal      Summ           #...         100%        1    #......
 Song of Slaying          Chrm           ##......     100%        2    ###....
 Regeneration             Chrm/Necr      #.........   100%        3    ###....


Dungeon Overview and Level Annotations

Branches:
Dungeon (3/15)

Altars:


Innate Abilities, Weirdness & Mutations

Shadows flee at your approach. (+LOS)
You can swim through water.
You cover ground slowly.
You can hop short distances.


Message History

You hit the ogre but do no damage.
The ogre looks as sick as possible!
The ogre is lightly wounded.
The ogre hits you with a +0 giant club!
* * * LOW HITPOINT WARNING * * *
Unknown command.
You feel much better. The ogre hits you with a +0 giant club!
You hit the ogre.
The ogre is heavily wounded.
Your plate armour prevents you from hitting the ogre.
The ogre is heavily wounded.
The ogre barely misses you.
Your plate armour prevents you from hitting the ogre.
The ogre is heavily wounded.
You hit the ogre.
The ogre is severely wounded.
The ogre hits you with a +0 giant club!
You hit the ogre but do no damage.
The ogre looks as sick as possible!
The ogre is almost dead.
The ogre hits you with a +0 giant club!
You die...

#.# #.# #.# # ############.# .#
#..........#.# ##.# ######
#..........#.# ...# #.....
#..........#†######...# #.....
#..........#.##.......### #.....
#..........'...@O........ +.....
#..........#......###.#####.....
##....#.........................
#....#........................)
#..........#.#)#.#.#.##....##.#
#..........#.#.#)#.#.########)#
#..........#.#.#.#............#
#....#.#.....................)#
####.#.#..##.#####............#


You could see an ogre.

Vanquished Creatures
  A scorpion (D:2)
  2 orc wizards (D:3)
  5 gnolls
  7 adders
  An ooze (D:3)
  2 worms (D:2)
  2 dart slugs (D:1)
  A leopard gecko (D:2)
  13 orcs (D:3)
  9 bats
  5 giant cockroaches
  6 goblins
  5 hobgoblins
  2 quokkas
  5 frilled lizards
  12 kobolds
  10 rats
88 creatures vanquished.

Notes
Turn   | Place    | Note
-------+----------+-------------------------------------------
     0 | D:1      | Leeroy the Barachi Skald began the quest for the Orb.
     0 | D:1      | Reached XP level 1. HP: 17/17 MP: 3/3
   176 | D:1      | Reached XP level 2. HP: 19/23 MP: 5/5
   182 | D:1      | Learned a level 2 spell: Shroud of Golubria
   479 | D:1      | Reached XP level 3. HP: 9/28 MP: 3/6
   481 | D:1      | Reached skill level 3 in Long Blades
   506 | D:1      | Learned a level 3 spell: Spectral Weapon
  1179 | D:1      | Reached XP level 4. HP: 8/34 MP: 5/7
  1421 | D:2      | Reached skill level 4 in Long Blades
  1751 | D:2      | Reached XP level 5. HP: 6/41 MP: 0/8
  3189 | D:3      | Reached XP level 6. HP: 33/47 MP: 1/9
  3194 | D:3      | Reached skill level 5 in Long Blades
  3566 | D:3      | Slain by an ogre

Vault maps used:
D:1:      roderic_dead_forest, minmay_indecisive_spiral
D:3:      first_ration, hangedman_decor_push

Skill      XL: |  1  2  3  4  5  6 |
---------------+-------------------+-----
Long Blades    | 3 4 5 |  5.4
Armour         | 2 3 4 |  4.0
Fighting       | 3 |  3.7
Charms         | 4 |  4.2
Dodging        | |  2.2
Spellcasting   | |  2.3
Translocations | |  0.1

Action                   |  1- 3 |  4- 6 || total
-------------------------+-------+-------++-------
Melee: Falchion          |   119 |       ||   119
       Dagger            |    23 |   211 ||   234
Throw: Stone             |       |     3 ||     3
 Cast: Shroud of Golubri |     1 |     2 ||     3
       Infusion          |       |     1 ||     1
 Abil: Hop               |       |     1 ||     1
  Use: Potion            |       |     3 ||     3
  Eat: Chunk             |     1 |    10 ||    11
Armor: Leather armour    |    14 |       ||    14
       Scale mail        |    59 |    52 ||   111
       Plate armour      |       |    43 ||    43
Dodge: Dodged            |    91 |    63 ||   154
       Rpst.: Falchion   |    27 |       ||    27

Table legend:
 A = Non-vault XP
 B = Vault XP
 C = Vault XP percentage of total XP
 D = Non-vault monster count
 E = Vault monster count
 F = Vault count percentage of total count
                 A         B        C        D         E       F
            +---------+---------+-------+---------+---------+-------
      Total |     445 |       8 |   1.8 |      84 |       4 |   4.5
            +---------+---------+-------+---------+---------+-------
        D:1 |      74 |       8 |   9.8 |      30 |       4 |  11.8
        D:2 |     195 |       0 |   0.0 |      20 |       0 |   0.0
        D:3 |     176 |       0 |   0.0 |      34 |       0 |   0.0
            +---------+---------+-------+---------+---------+-------
